 Dungeon Crawl Stone Soup version 0.26-a0-540-g8a0c9464d7 (webtiles) character file.

Game seed: 3448080694354042145

70 vurker the Covert (level 4, -3/41 HPs)
             Began as a Gnoll Delver on Aug 23, 2020.
             Killed from afar by an orc wizard (11 damage)
             ... with a magic dart
             ... on level 4 of the Dungeon.
             The game lasted 00:01:01 (860 turns).

vurker the Covert (Gnoll Delver)                     Turns: 860, Time: 00:01:02

Health: -3/41      AC:  8    Str: 14    XL:     4   Next: 22%
Magic:  5/5        EV:  8    Int: 14    God:
Gold:   14         SH:  0    Dex: 16    Spells: 5/5 levels left

rFire    . . .     SeeInvis .   a - +0 mace
rCold    . . .     Faith    .   (no shield)
rNeg     . . .     Spirit   .   j - +0 chain mail
rPois    .         Reflect  .   (no helmet)
rElec    .         Harm     .   (no cloak)
rCorr    .                      (no gloves)
MR       .....                  (no boots)
Stlth    +.........             (no amulet)
HPRegen  0.13/turn              (no ring)
MPRegen  0.09/turn              (no ring)

@: slowed, very slow
A: distributed training, fangs 1, strong nose
a: no special abilities


You were on level 4 of the Dungeon.
You visited 1 branch of the dungeon, and saw 2 of its levels.

You collected 14 gold pieces.

Inventory:

Hand Weapons
 a - a +0 mace (weapon)
Armour
 j - a +0 chain mail (worn)
   (You took it off an orc on level 5 of the Dungeon)
Wands
 d - a wand of iceblast (9)
   (You found it on level 5 of the Dungeon)
 v - a wand of digging (3)
Scrolls
 c - a scroll of fog
 e - a scroll of fear
 g - a scroll of enchant weapon {unknown}
 h - a scroll of remove curse {unknown}
 i - a scroll of magic mapping
 k - a scroll of noise {unknown}
Potions
 b - a potion of resistance {unknown}
 f - a potion of haste


   Skills:
 + Level 6.6 Fighting
 + Level 1.0 Short Blades
 + Level 1.0 Long Blades
 + Level 1.0 Axes
 + Level 4.6 Maces & Flails
 + Level 1.0 Polearms
 + Level 1.0 Staves
 + Level 1.0 Slings
 + Level 1.0 Bows
 + Level 1.0 Crossbows
 + Level 1.0 Throwing
 + Level 1.0 Armour
 + Level 4.6 Dodging
 + Level 9.6 Stealth
 + Level 1.0 Shields
 + Level 1.0 Unarmed Combat
 + Level 1.0 Spellcasting
 + Level 0.8 Conjurations
 + Level 0.8 Hexes
 + Level 0.8 Summonings
 + Level 0.8 Necromancy
 + Level 0.8 Translocations
 + Level 0.8 Transmutations
 + Level 0.8 Fire Magic
 + Level 0.8 Ice Magic
 + Level 0.8 Air Magic
 + Level 0.8 Earth Magic
 + Level 0.8 Poison Magic
 + Level 1.1 Invocations
 + Level 1.0 Evocations


You had 5 spell levels left.
You didn't know any spells.
Your spell library was empty.

Dungeon Overview and Level Annotations

Branches:
Dungeon (5/15)
 Temple: D:4-7

Altars:


Innate Abilities, Weirdness & Mutations

Your experience applies equally to all skills.
You have very sharp teeth.
Your uncanny sense of smell can sniff out nearby items.


Message History

The orc wizard hits you with a +0 dagger.
The orc wizard hits you but does no damage.
The orc hits you but does no damage.
You feel less confused.
The orc wizard hits you but does no damage. x2
The orc wizard casts a spell.
The orc wizard flickers and vanishes!
Deactivating autopickup; reactivate with Ctrl-A.
The orc wizard points at you and mumbles some strange words.
You resist with some effort.
You hear some strange, mumbled words.
Something tries to affect you, but you resist.
The orc wizard hits you but does no damage.
You see here an adder corpse.
The orc wizard points at you and mumbles some strange words.
The magic dart hits you.
The orc wizard points at you and mumbles some strange words.
You feel yourself slow down. The orc wizard barely misses you. x2
The orc wizard hits you but does no damage.
The orc wizard completely misses you.
The orc priest begins to cast a cantrip, but forgets the words!
The orc wizard hits you but does no damage.
The orc wizard casts a spell.
The orc wizard blinks!
The orc wizard hits you but does no damage.
The orc wizard hits you but does no damage. x2
The orc priest mumbles some strange prayers to Beogh against you.
Beogh smites you!
* * * LOW HITPOINT WARNING * * *
The orc wizard hits you but does no damage.
The orc priest looks encouraged for a moment.
The orc wizard casts a spell.
The orc wizard blinks!
The ogre hits you with a +0 giant club.
* * * LOW HITPOINT WARNING * * *
The orc wizard casts a spell.
The orc wizard blinks!
The orc priest miscasts a cantrip.
The orc wizard completely misses you.
You hit the orc wizard.
The orc wizard hits you but does no damage.
The ogre barely misses you. The orc wizard barely misses you.
The ogre barely misses you.
You closely miss the orc wizard.
The orc wizard hits you but does no damage.
The orc wizard casts a spell.
The orc wizard blinks!
The ogre barely misses you. The orc wizard casts a spell at you.
The magic dart hits you!
You die...

#.# ########.#
........o#
........o#
########.# #o#
## #O# #. #.#
∆ #.
#####@#### #.
#......o.# #.
#.######.# #.
#.# .. ####.
#.#
#.#.#####..†.
#.#
#......>..#..
#.#
###.........#
######.######
###########
.............#
#########


You could see an ogre, an orc priest, an orc wizard (fast) and 2 orcs.

Vanquished Creatures
  An iguana (D:5)
  3 adders (D:4)
  An ooze (D:5)
  6 orcs
11 creatures vanquished.

Notes
Turn   | Place    | Note
-------+----------+-------------------------------------------
     0 | D:5      | Reached skill level 9 in Stealth
     0 | D:5      | vurker the Gnoll Delver began the quest for the Orb.
     0 | D:5      | Reached XP level 1. HP: 23/23 MP: 1/1
    69 | D:5      | Reached XP level 2. HP: 29/29 MP: 2/2
   183 | D:5      | Reached skill level 1 in Invocations
   183 | D:5      | Reached XP level 3. HP: 4/35 MP: 2/4
   642 | D:4      | Reached skill level 1 in Short Blades
   642 | D:4      | Reached skill level 1 in Long Blades
   642 | D:4      | Reached skill level 1 in Axes
   642 | D:4      | Reached skill level 1 in Polearms
   642 | D:4      | Reached skill level 1 in Staves
   642 | D:4      | Reached skill level 1 in Slings
   642 | D:4      | Reached skill level 1 in Bows
   642 | D:4      | Reached skill level 1 in Crossbows
   642 | D:4      | Reached skill level 1 in Throwing
   642 | D:4      | Reached skill level 1 in Armour
   642 | D:4      | Reached skill level 1 in Shields
   642 | D:4      | Reached skill level 1 in Unarmed Combat
   642 | D:4      | Reached skill level 1 in Spellcasting
   642 | D:4      | Reached skill level 1 in Evocations
   691 | D:4      | Reached XP level 4. HP: 41/41 MP: 5/5
   832 | D:4      | Noticed an ogre
   860 | D:4      | Killed from afar by an orc wizard

Illustrated notes

Levels and vault maps discovered:
D:4:      layout_loops_ring, nicolae_overflow_hidden_temple,
          minmay_temple_entry_offerings, serial_shops, shop
D:5:      layout_cave_pods

Skill      XL: |  1  2  3 |
---------------+----------+-----
Stealth        | |  9.6
Invocations    | 1 |  1.1
Short Blades   | 1 |  1.0
Long Blades    | 1 |  1.0
Axes           | 1 |  1.0
Polearms       | 1 |  1.0
Staves         | 1 |  1.0
Slings         | 1 |  1.0
Bows           | 1 |  1.0
Crossbows      | 1 |  1.0
Throwing       | 1 |  1.0
Armour         | 1 |  1.0
Shields        | 1 |  1.0
Unarmed Combat | 1 |  1.0
Spellcasting   | 1 |  1.0
Evocations     | 1 |  1.0
Fighting       | |  6.6
Maces & Flails | |  4.6
Dodging        | |  4.6
Conjurations   | |  0.8
Hexes          | |  0.8
Summonings     | |  0.8
Necromancy     | |  0.8
Translocations | |  0.8
Transmutations | |  0.8
Fire Magic     | |  0.8
Ice Magic      | |  0.8
Air Magic      | |  0.8
Earth Magic    | |  0.8
Poison Magic   | |  0.8

Action                   |  1- 3 |  4- 6 || total
-------------------------+-------+-------++-------
Melee: Mace              |    29 |    16 ||    45
       Bite              |     4 |     2 ||     6
 Stab: Sleeping          |     1 |       ||     1
Armor: Leather armour    |     2 |       ||     2
       Chain mail        |     1 |    25 ||    26
Dodge: Dodged            |    17 |    17 ||    34

Table legend: (Time is in decaauts)
 A = Elapsed time spent in this place.
 B = Non-inter-level travel time spent in this place.
 C = Inter-level travel time spent in this place.
 D = Time resting spent in this place.
 E = Time spent auto-exploring this place.
 F = Levels seen in this place.
 G = Mean time per level.
                   A        B        C        D        E       F      G
               +--------+--------+--------+--------+--------+-----+--------+
         Total |    873 |    830 |     43 |      0 |    684 |   2 |  436.5 |
       Dungeon |    873 |    830 |     43 |      0 |    684 |   2 |  436.5 |
               +--------+--------+--------+--------+--------+-----+--------+

Top non-repeatable levels by time:
     D:5: 641 daAuts
     D:4: 232 daAuts
